 Dungeon Crawl Stone Soup version 0.25-a0-290-g4a1327ee3a (webtiles) character file.

Game seed: 16566792120751569194, levelgen mode: deterministic

1222 Lanoc the Covert (level 8, -3/54 HPs)
             Began as an Octopode Assassin on Dec 13, 2019.
             Slain by an orc
             ... wielding a +0 flail
              (13 damage)
             ... on level 5 of the Dungeon.
             The game lasted 00:09:58 (4198 turns).

Lanoc the Covert (Octopode Assassin)                Turns: 4198, Time: 00:09:59

Health: -3/54      AC:  1    Str: 11    XL:     8   Next: 47%
Magic:  17/17      EV: 15    Int: 13    God:
Gold:   253        SH:  0    Dex: 15    Spells: 7/7 levels left

rFire    + . .     SeeInvis .   a - +2 dagger (freeze)
rCold    x . .     Gourm    .   (no shield)
rNeg     . . .     Faith    .   (helmet restricted)
rPois    .         Spirit   .   (no amulet)
rElec    .         Reflect  .   s - ring of magical power
rCorr    .         Harm     .   D - ring of fire
MR       .....                  (no ring)
Stlth    +++++.....             (no ring)
HPRegen  0.18/turn              (no ring)
MPRegen  0.15/turn              (no ring)
                                (no ring)
                                (no ring)

@: slowed, very slow
A: almost no armour, stealthy swim, amphibious, 8 rings, constrict 8, camouflage
1, gelatinous body 1
a: no special abilities


You were on level 5 of the Dungeon.
You were near starving.

You visited 1 branch of the dungeon, and saw 6 of its levels.
You also visited: Ossuary.

You collected 253 gold pieces.

Inventory:

Hand Weapons
 a - a +2 dagger of freezing (weapon)
 h - a +0 dagger of venom
Missiles
 b - 22 poisoned darts (quivered)
 c - 8 curare-tipped darts
 y - 2 throwing nets
Jewellery
 s - a ring of magical power (left tentacle)
 D - a ring of fire (right tentacle)
Wands
 p - a wand of random effects (14)
 C - a wand of enslavement (8)
Scrolls
 e - 10 scrolls of remove curse
 g - a scroll of identify
 i - a scroll of fear
 k - 2 scrolls of teleportation
 l - 2 scrolls of blinking {unknown}
 m - a scroll of amnesia {unknown}
 t - a scroll of noise {unknown}
 u - a scroll of enchant weapon {unknown}
Potions
 f - a potion of agility
 j - 2 potions of degeneration {unknown}
 n - a potion of cancellation
 o - 2 potions of might
 q - 3 potions of magic
 r - a potion of lignification
 v - a potion of mutation {unknown}
 w - 3 potions of flight {unknown}
 x - 2 potions of heal wounds {unknown}
 z - a potion of berserk rage {unknown}
 A - 2 potions of resistance {unknown}
 B - a potion of brilliance {unknown}
Comestibles
 d - 4 rations


   Skills:
 + Level 4.4 Fighting
 * Level 6.0 Short Blades
 - Level 2.0 Throwing
 + Level 4.0 Dodging
 * Level 9.7 Stealth


You had 7 spell levels left.
You didn't know any spells.
Your spell library contained the following spells:

 Spells                   Type           Power        Failure   Level  Hunger
 Magic Dart               Conj           #...         30%         1    ##.....
 Blink                    Tloc           N/A          43%         2    ###....
 Call Imp                 Summ           #.......     43%         2    ###....
 Slow                     Hex            #.......     43%         2    ###....
 Conjure Flame            Conj/Fire      #.......     67%         3    ####...
 Mephitic Cloud           Conj/Pois/Air  #.......     67%         3    ####...


Dungeon Overview and Level Annotations

Branches:
Dungeon (6/15)             Temple (0/1) D:6         Ossuary (visited)

Altars:
Makhleb
Nemelex Xobeh
Qazlal
Sif Muna
Yredelemnul
Zin


Innate Abilities, Weirdness & Mutations

You cannot wear most types of armour.
You are very stealthy in the water. (Stealth+)
You are amphibious.
You can wear up to eight rings at the same time.
You can use your tentacles to constrict eight enemies at once.
Your skin changes colour to match your surroundings (Stealth+).
Your rubbery body absorbs attacks. (AC +1, EV +1)


Message History

The orc wizard gestures at you while chanting.
The magic dart hits you. The orc barely misses you.
You completely miss the orc wizard.
The orc wizard is severely wounded.
You constrict the orc wizard. The orc hits you with a +0 dagger!
* * * LOW HITPOINT WARNING * * *
The orc wizard misses you. The orc misses you.
You hit the orc. You freeze the orc. Your grab misses the orc.
You squeeze the orc.
You kill the orc!
You constrict the orc wizard.
The orc wizard hits you with a +0 dagger.
* * * LOW HITPOINT WARNING * * *
The orc completely misses you.
You hit the orc but do no damage. Your grab misses the orc.
You constrict the orc wizard.
You kill the orc wizard!
Your Dodging skill increases to level 4!
The orc hits you with a +0 flail!
You die...

##.###.#.########.#...#.# ...#
#.#.#.##.......#.#.# ####
#.#.#.##.#.......#.#########
######.#.#....#.#................
.........#.####.#######..........
.........#....................#..
..........[.......###########.#..
........##.....o)........#.......
###....###.#....@)######.#.##.#..
# ###### #.#.####.# #.#.##.#..
#####.#.# #.# #.#.##.#..
#.....#.# #.# #.#.##.#..
#.....#.# #.# #.#.##.###
##.....#.# #.######.#.##.#
#......#.# #.##..........#
#..>..##.# #.##......####### ###
#.....##.# #.##......##.....


You could see an orc.

Vanquished Creatures
  Sigmund (D:2)
  A black bear (D:6)
  2 ogres (D:5)
  2 water moccasin zombies (Ossuary)
  A crimson imp (D:4)
  A bullfrog zombie (D:5)
  A jelly (D:6)
  4 hounds
  An orc priest (D:4)
  4 orc wizards
  A worker ant (D:4)
  4 big kobold zombies (Ossuary)
  A hound zombie (D:5)
  A hound skeleton (D:5)
  2 mummies (Ossuary)
  5 adders
  A howler monkey skeleton (D:6)
  A shadow imp (D:5)
  An ooze (D:5)
  An adder skeleton (D:5)
  7 adder zombies
  2 leopard geckos
  8 orcs
  4 ball pythons
  2 giant cockroaches
  A gnoll zombie (Ossuary)
  3 goblins
  5 hobgoblins
  16 jackals
  A quokka (D:2)
  8 bats
  7 frilled lizards
  10 hobgoblin zombies (Ossuary)
  7 kobolds
  4 kobold zombies (Ossuary)
  4 orc zombies (Ossuary)
  A quokka skeleton (D:5)
  4 rats
130 creatures vanquished.

Notes
Turn   | Place    | Note
-------+----------+-------------------------------------------
     0 | D:1      | Lanoc the Octopode Assassin began the quest for the Orb.
     0 | D:1      | Reached XP level 1. HP: 14/14 MP: 1/1
   168 | D:1      | Reached XP level 2. HP: 15/19 MP: 2/2
   347 | D:1      | You fall into a shaft and drop 1 floor!
   504 | D:2      | Reached XP level 3. HP: 18/24 MP: 3/3
   720 | D:2      | Noticed Sigmund
   748 | D:2      | Killed Sigmund
   748 | D:2      | Reached skill level 7 in Stealth
   748 | D:2      | Reached XP level 4. HP: 25/30 MP: 4/4
   748 | D:2      | Reached XP level 5. HP: 30/36 MP: 5/5
  1258 | D:3      | Reached XP level 6. HP: 42/42 MP: 6/6
  2005 | D:4      | Reached XP level 7. HP: 43/46 MP: 7/7
  2099 | D:4      | Found a stormy altar of Qazlal.
  2332 | D:5      | Entered Level 5 of the Dungeon
  2339 | D:5      | You fall into a shaft and drop 1 floor!
  2357 | D:6      | Reached skill level 8 in Stealth
  2397 | D:5      | Found a stormy altar of Qazlal.
  2431 | D:6      | Reached skill level 5 in Short Blades
  2571 | D:5      | Found a burning altar of Makhleb.
  2672 | D:5      | Found a sand-covered staircase.
  2681 | Ossuary  | Entered an ossuary
  2874 | Ossuary  | Reached skill level 9 in Stealth
  2874 | Ossuary  | Reached XP level 8. HP: 54/54 MP: 8/8
  3848 | D:5      | Found a glowing silver altar of Zin.
  3848 | D:5      | Found a shimmering blue altar of Sif Muna.
  3848 | D:5      | Found a sparkling altar of Nemelex Xobeh.
  3852 | D:5      | Found a basalt altar of Yredelemnul.
  4198 | D:5      | Slain by an orc

Levels and vault maps discovered:
D:1:      nzn_arrival_water_spiral, layout_loops_corners, hex_medium
D:2:      layout_loops_ring, minmay_tall_x, uniq_sigmund
D:3:      layout_rooms, first_ration
D:4:      layout_loops_ring, nicolae_qazlal_eye_of_the_storm
D:5:      lemuel_upstairs_altar, layout_basic, minitemple, lemuel_doored_altar,
          nicolae_ossuary_entry_monument
D:6:      layout_cave_pools, minmay_temple_entry_enclosed_plants

Skill      XL: |  1  2  3  4  5  6  7  8 |
---------------+-------------------------+-----
Short Blades   | 3 4 5 6 |  6.0
Dodging        | 2 3 4 |  4.0
Stealth        | 7 9 |  9.7
Fighting       | 3 4 |  4.4
Throwing       | |  2.0

Action                   |  1- 3 |  4- 6 |  7- 9 || total
-------------------------+-------+-------+-------++-------
Melee: Dagger            |    56 |    75 |   187 ||   318
       Constrict         |    13 |    12 |    43 ||    68
       Tentacles         |     7 |     9 |    48 ||    64
Throw: Dart              |    10 |       |       ||    10
  Use: Scroll            |       |     1 |     9 ||    10
       Potion            |       |     2 |       ||     2
 Stab: Sleeping          |    10 |    10 |    11 ||    31
       Distracted        |       |     1 |     1 ||     2
  Eat: Chunk             |       |     3 |     2 ||     5
       Ration            |       |       |     1 ||     1
Armor: Skin              |     9 |     2 |     9 ||    20
Dodge: Dodged            |    31 |    33 |   116 ||   180

Table legend:
 A = Non-vault XP
 B = Vault XP
 C = Vault XP percentage of total XP
 D = Non-vault monster count
 E = Vault monster count
 F = Vault count percentage of total count
                 A         B        C        D         E       F
            +---------+---------+-------+---------+---------+-------
      Total |    1171 |     576 |  33.0 |      92 |      38 |  29.2
            +---------+---------+-------+---------+---------+-------
        D:1 |      18 |       0 |   0.0 |      11 |       0 |   0.0
        D:2 |      60 |     229 |  79.2 |      30 |       5 |  14.3
        D:3 |      34 |       0 |   0.0 |      11 |       0 |   0.0
        D:4 |     287 |       0 |   0.0 |      14 |       0 |   0.0
        D:5 |     462 |       0 |   0.0 |      18 |       0 |   0.0
        D:6 |     310 |       0 |   0.0 |       8 |       0 |   0.0
    Ossuary |       0 |     347 | 100.0 |       0 |      33 | 100.0
            +---------+---------+-------+---------+---------+-------
